 Dungeon Crawl Stone Soup version 0.29-a0-1061-gbc57f8fbdb (webtiles) character file.

Game seed: 8931736403256388351

3686 DungeonMaster the Fighter (level 9, -1/81 HPs)
             Began as a Demonspawn Wanderer on Aug 18, 2022.
             Was an Initiate of Gozag.
             Hit by a javelin thrown by a centaur (8 damage)
             ... in a bailey.
             The game lasted 00:17:17 (9059 turns).

DungeonMaster the Fighter (Demonspawn Wanderer)     Turns: 9059, Time: 00:17:18

Health: -1/81      AC: 10    Str: 14    XL:     9   Next: 90%
Magic:  10/10      EV: 18    Int: 16    God:    Gozag
Gold:   894        SH:  0    Dex: 13    Spells: 9/10 levels left

rFire   . . .      SeeInvis .   a - +2 quarterstaff (vorpal)
rCold   + . .      Faith    .   (shield currently unavailable)
rNeg    . . .      Spirit   .   r - +1 leather armour of Xoka {rElec rPois rC+}
rPois   +          Reflect  .   t - +1 helmet
rElec   +          Harm     .   (no cloak)
rCorr   .          Rampage  .   h - +0 pair of gloves
Will    .....                   v - +0 pair of boots
Stlth   +.........              l - amulet of the acrobat
HPRegen 1.23/turn               z - +4 ring of evasion
MPRegen 0.12/turn               (no ring)

@: mighty, gold aura
A: claws 2, powered by death 2, robust 1
a: Renounce Religion, Potion Petition, Call Merchant, Bribe Branch


You were in a bailey.
You worshipped Gozag.
Gozag was pleased with you.
You visited 2 branches of the dungeon, and saw 9 of its levels.
You also visited: Bailey.

You collected 995 gold pieces.
You paid 101 gold pieces to Gozag.

Inventory:

Hand Weapons
 a - a +2 vorpal quarterstaff (weapon)
 s - a +1 short sword of venom
 w - a +1 sling of freezing
Missiles
 b - 4 atropa-tipped darts
 g - 10 poisoned darts (quivered)
 y - 8 boomerangs
 B - 2 boomerangs of dispersal
 C - 2 javelins
Armour
 h - a +0 pair of gloves (worn)
 r - the +1 leather armour of Xoka (worn) {rElec rPois rC+}
   (You found it on level 3 of the Dungeon)

   rC:        It protects you from cold.
   rElec:     It insulates you from electricity.
   rPois:     It protects you from poison.
 t - a +1 helmet (worn)
 v - a +0 pair of boots (worn)
Jewellery
 l - an amulet of the acrobat (around neck)
 z - a +4 ring of evasion (left hand)
Wands
 j - a wand of polymorph (2)
 q - a wand of digging (4)
Scrolls
 c - 2 scrolls of teleportation
 f - 2 scrolls of silence
 p - a scroll of amnesia
 D - a scroll of fog
Potions
 d - 2 potions of resistance
 e - 2 potions of ambrosia
 i - 9 potions of curing
 k - a potion of lignification
 m - 3 potions of mutation
 n - a potion of cancellation
 o - a potion of brilliance
 u - a potion of might


   Skills:
 * Level 8.2 Fighting
 - Level 4.5 Staves
 * Level 8.0 Armour
 * Level 7.4 Dodging
 - Level 1.0 Spellcasting
 - Level 1.0 Translocations


You had 9 spell levels left.
You knew the following spells:

 Your Spells              Type           Power      Damage    Failure   Level
a - Apportation           Tloc           8%         N/A       19%         1

Your spell library contained the following spells:

 Spells                   Type           Power      Damage    Failure   Level
 Foxfire                  Conj/Fire      0%         2x1d4     26%         1
 Gell's Gravitas          Tloc           4%         N/A       47%         3
 Lesser Beckoning         Tloc           4%         N/A       47%         3
 Teleport Other           Tloc           4%         N/A       47%         3
 Portal Projectile        Hex/Tloc       4%         N/A       54%         3
 Conjure Flame            Conj/Fire      0%         6-21      63%         3
 Inner Flame              Hex/Fire       0%         N/A       63%         3
 Tukima's Dance           Hex            0%         N/A       63%         3
 Flame Wave               Conj/Fire      0%         2d4       95%         4
 Hailstorm                Conj/Ice       0%         3d3       95%         4
 Ice Form                 Ice/Tmut       0%         N/A       95%         4
 Blade Hands              Tmut           0%         N/A       100%        5
 Simulacrum               Ice/Necr       Unusable   N/A       N/A         6

Dungeon Overview and Level Annotations

Branches:
Dungeon (8/15)             Temple (1/1) D:5          Bailey (1/1)
   Lair: D:8-11

Altars:
Gozag
Hepliaklqana
Nemelex Xobeh
Sif Muna
Vehumet


Innate Abilities, Weirdness & Mutations

You have very sharp fingernails.
You regenerate health from kills.
You are robust. (+10% HP)


Message History

The centaur hits you from afar with a +4 spear.
You hit the orc but do no damage.
The orc is heavily wounded.
The orc warrior hits you with a +0 halberd!
* * * LOW HITPOINT WARNING * * *
The orc closely misses you. The centaur closely misses you.
You hit the orc.
You kill the orc!
The centaur hits you but does no damage.
The orc warrior closely misses you. The centaur misses you.
You hit the orc warrior but do no damage.
The orc warrior is moderately wounded.
The orc warrior hits you with a +0 halberd!
* * * LOW HITPOINT WARNING * * *
The centaur barely misses you. The orc warrior misses you.
You feel much better.
The centaur throws a javelin.
The javelin pierces through you.
The centaur hits you from afar with a +4 spear.
The orc warrior closely misses you.
You feel very mighty all of a sudden.
The centaur hits you from afar with a +4 spear.
* * * LOW HITPOINT WARNING * * *
The orc warrior misses you.
You thump the orc warrior!
The orc warrior is almost dead.
The centaur misses you.
The centaur throws a javelin.
The javelin pierces through you!
* * * LOW HITPOINT WARNING * * *
The orc warrior hits you with a +0 halberd.
* * * LOW HITPOINT WARNING * * *
You barely miss the orc warrior.
The orc warrior is almost dead.
The centaur hits you from afar with a +4 spear.
* * * LOW HITPOINT WARNING * * *
The orc warrior closely misses you.
You sock the orc warrior!
You kill the orc warrior!
The centaur throws a javelin.
The javelin pierces through you!
You die...
Your body crumbles into a pile of gold.

####### ##≈≈≈≈≈≈≈
##........ ##.......
#....c. ##########+
#...$#####...)......
#.$@##....≈≈≈≈≈≈≈≈≈.
#...#.⌠.≈≈≈.......≈≈
#...#..≈≈..≈≈≈≈≈≈≈..
#..⌠#.≈≈.≈≈≈.....≈≈≈
#.)##.≈.≈≈..≈≈≈≈≈..≈
#..#.≈≈.≈.≈≈≈...≈≈≈.
+..#.≈.≈≈.≈..⌠.⌠..≈≈
+).#.≈....≈..∩∩∩....
+..#.≈.≈≈.≈..⌠.⌠..≈≈


You could see a centaur.

Vanquished Creatures
  A hornet (D:7)
  Prince Ribbit (D:5)
  Eustachio (D:4)
  2 steam dragons
  3 water moccasins
  Duvessa (D:6)
  4 sky beasts
  4 orc warriors
  A black bear (D:5)
  4 ice beasts
  A centaur (D:7)
  2 phantoms
  2 necrophages
  A bullfrog (D:6)
  A scorpion (D:6)
  Dowan (D:6)
  3 howler monkeys (D:7)
  3 hounds (D:5)
  4 orc priests
  Terence (D:2)
  2 iguanas
  4 orc wizards
  Robin (D:3)
  8 adders
  9 gnolls
  A shadow imp (D:5)
  2 white imps
  4 worms
  A dart slug (D:2)
  45 orcs
  5 endoplasms
  3 giant cockroaches
  22 goblins
  7 hobgoblins
  2 jackals (D:3)
  3 kobolds
  4 quokkas
  6 ball pythons
  5 bats
  5 frilled lizards
  11 rats
191 creatures vanquished.

Vanquished Creatures (collateral kills)
  An orc (Bailey)
1 creature vanquished.

Grand Total: 192 creatures vanquished

Notes
Turn   | Place    | Note
-------+----------+-------------------------------------------
     0 | D:1      | DungeonMaster the Demonspawn Wanderer began the quest for
                  | the Orb.
     0 | D:1      | DungeonMaster set off with the following items: a +2
                  | quarterstaff, a +0 scale mail, a scroll of teleportation;
                  | and the following spell memorised: Apportation; and the
                  | following spells available to memorise: Portal Projectile.
     0 | D:1      | Reached XP level 1. HP: 13/13 MP: 2/2
   218 | D:1      | Gained mutation: You have sharp fingernails. [demonic
                  | ancestry]
   218 | D:1      | Reached XP level 2. HP: 20/20 MP: 3/3
   287 | D:1      | Reached skill level 1 in Fighting
   408 | D:1      | Reached skill level 1 in Dodging
  1222 | D:2      | Found a faded altar of an unknown god.
  1248 | D:2      | Reached XP level 3. HP: 21/26 MP: 4/4
  1923 | D:2      | Noticed Terence
  2017 | D:2      | Killed Terence
  2018 | D:2      | Gained mutation: You have very sharp fingernails. [demonic
                  | ancestry]
  2018 | D:2      | Reached XP level 4. HP: 24/33 MP: 5/5
  2934 | D:3      | Reached XP level 5. HP: 27/39 MP: 6/6
  3031 | D:3      | Identified the +1 leather armour of Xoka {rElec rPois rC+}
  3448 | D:3      | Noticed Robin
  3477 | D:3      | Killed Robin
  4064 | D:4      | Noticed Eustachio
  4094 | D:4      | HP: 1/41 [river rat[Eustachio] (5)]
  4503 | D:4      | Killed Eustachio
  4504 | D:4      | Reached XP level 6. HP: 31/48 MP: 7/7
  5327 | D:5      | Entered Level 5 of the Dungeon
  5390 | D:5      | Gained mutation: You regenerate a little health from kills.
                  | [demonic ancestry]
  5390 | D:5      | Reached XP level 7. HP: 31/54 MP: 8/8
  5400 | D:5      | Reached skill level 5 in Armour
  5987 | D:5      | Reached skill level 5 in Fighting
  6048 | D:5      | Noticed Prince Ribbit
  6082 | D:5      | Gained mutation: You regenerate health from kills. [demonic
                  | ancestry]
  6082 | D:5      | Reached XP level 8. HP: 28/62 MP: 9/9
  6088 | D:5      | Killed Prince Ribbit
  6092 | D:5      | Reached skill level 5 in Dodging
  6305 | D:5      | Found a staircase to the Ecumenical Temple.
  6314 | Temple   | Entered the Ecumenical Temple
  6324 | Temple   | Became a worshipper of Gozag Ym Sagoz the Greedy
  7015 | D:6      | Gained mutation: You are robust. (+10% HP) [demonic
                  | ancestry]
  7015 | D:6      | Reached XP level 9. HP: 52/78 MP: 10/10
  7285 | D:6      | Noticed Dowan
  7289 | D:6      | Noticed Duvessa
  7309 | D:6      | Killed Duvessa
  7309 | D:6      | Killed Dowan
  8265 | D:7      | Found a sparkling altar of Nemelex Xobeh.
  8634 | D:8      | Found a flagged portal.
  8653 | Bailey   | Entered a bailey
  9059 | Bailey   | Hit by a javelin thrown by a centaur

Illustrated notes

Levels and vault maps discovered:
D:1:      saegor_arrival_fortress, layout_basic
D:2:      minmay_angry_zag, layout_basic, basic_ecumenical_altar, uniq_terence
D:3:      layout_loops_cross, minmay_cut_off, uniq_robin
D:4:      layout_rooms, uniq_eustachio
D:5:      layout_gridville, minmay_temple_entry_proselytizer,
          uniq_prince_ribbit1
D:6:      layout_basic, uniq_duvessa
D:7:      layout_cave_pools, mainiacjoe_overflow_small_starburst
D:8:      layout_basic, nicolae_ru_the_path_less_chosen, enter_bailey_5,
          hangedman_abyss_or_decor_lesser_grid
Temple:   nicolae_temple_bog_church
Bailey:   bailey_polearm_flooded_kennysheep, bailey

Skill      XL: |  1  2  3  4  5  6  7  8  9 |
---------------+----------------------------+-----
Fighting       | 1 2 3 4 5 6 8 |  8.2
Armour         | 3 4 5 6 8 |  8.0
Dodging        | 1 2 3 4 6 7 |  7.4
Staves         | |  4.5
Spellcasting   | |  1.0
Translocations | |  1.0

Action                   |  1- 3 |  4- 6 |  7- 9 || total
-------------------------+-------+-------+-------++-------
Melee: Quarterstaff      |    80 |   238 |   355 ||   673
       Short sword       |     3 |    38 |    62 ||   103
       Punch             |       |       |     1 ||     1
Throw: Dart              |       |       |     4 ||     4
Evoke: Wand              |       |       |     3 ||     3
  Use: Scroll            |       |    16 |     5 ||    21
       Potion            |       |       |     2 ||     2
 Stab: Sleeping          |       |     2 |       ||     2
Armor: Scale mail        |    42 |    37 |       ||    79
       Leather armour    |       |    75 |   138 ||   213
Dodge: Dodged            |    27 |   164 |   520 ||   711

Table legend: (Time is in decaauts)
 A = Elapsed time spent in this place.
 B = Non-inter-level travel time spent in this place.
 C = Inter-level travel time spent in this place.
 D = Time resting spent in this place.
 E = Time spent auto-exploring this place.
 F = Levels seen in this place.
 G = Mean time per level.
                   A        B        C        D        E       F      G
               +--------+--------+--------+--------+--------+-----+--------+
         Total |   9110 |   8960 |    150 |   1775 |   5123 |  10 |  911.0 |
       Dungeon |   8683 |   8541 |    142 |   1708 |   5077 |   8 | 1085.4 |
        Temple |     18 |     10 |      8 |      0 |      4 |   1 |   18.0 |
        Bailey |    407 |    407 |      0 |     67 |     42 |   1 |  407.0 |
               +--------+--------+--------+--------+--------+-----+--------+

Top non-repeatable levels by time:
     D:2: 1718 daAuts
     D:4: 1522 daAuts
     D:3: 1406 daAuts
     D:6: 1094 daAuts
     D:7: 1064 daAuts
     D:1: 896 daAuts
     D:5: 885 daAuts
  Bailey: 407 daAuts
     D:8: 96 daAuts
  Temple: 18 daAuts
